 Dungeon Crawl Stone Soup version 0.29-a0-284-gf9362112df (webtiles) character file.

Game seed: 2323521697566708114

7465 juncz the Frost Mage (level 10, -3/78 HPs)
             Began as a Black Draconian Ice Elementalist on Mar 16, 2022.
             Was a Follower of Vehumet.
             Slain by a troll (6 damage)
             ... on level 9 of the Dungeon.
             The game lasted 00:50:11 (12312 turns).

juncz the Frost Mage (DrIE)                        Turns: 12312, Time: 00:50:12

Health: -3/78      AC: 25    Str: 10    XL:     10   Next: 94%
Magic:  19/22      EV: 11    Int: 25    God:    Vehumet [*.....]
Gold:   639        SH:  3    Dex: 13    Spells: 20/26 levels left

rFire   . . .      SeeInvis .   J - +2 spear (venom)
rCold   . . .      Faith    .   r - +0 buckler
rNeg    + . .      Spirit   .   (body armour unavailable)
rPois   .          Reflect  .   m - +2 hat
rElec   +          Harm     .   s - +2 cloak
rCorr   .          Rampage  .   h - +1 pair of gloves
Will    .....                   v - +0 pair of boots
Stlth   ++........              I - amulet of magic regeneration
HPRegen 0.23/turn               d - +6 ring of intelligence
MPRegen 0.58/turn               j - ring of positive energy

@: ice-armoured
A: breathe lightning, AC +7, unfitting armour, electricity resistance,
cold-blooded
a: Breathe Lightning, Renounce Religion


You were on level 9 of the Dungeon.
You worshipped Vehumet.
Vehumet was aware of your devotion.
You visited 2 branches of the dungeon, and saw 10 of its levels.
You also visited: Sewer and Ossuary.

You collected 735 gold pieces.
You spent 96 gold pieces at shops.

Inventory:

Hand Weapons
 b - a +0 spear of venom
 J - a +2 spear of venom (weapon)
Missiles
 c - 183 stones (quivered)
 e - 18 poisoned darts
Armour
 h - a +1 pair of gloves (worn)
 m - a +2 hat (worn)
 r - a +0 buckler (worn)
 s - a +2 cloak (worn)
 v - a +0 pair of boots (worn)
Jewellery
 d - a +6 ring of intelligence (left hand)
 j - a ring of positive energy (right hand)
 k - a ring of resist corrosion
 t - an amulet of the acrobat
 I - an amulet of magic regeneration (around neck)
 N - a ring of flight
 O - an amulet of regeneration
Wands
 p - a wand of charming (8)
 y - a wand of flame (10)
 K - a wand of digging (5)
Scrolls
 f - 5 scrolls of teleportation
 q - a scroll of silence {unknown}
 u - a scroll of immolation
 w - a scroll of holy word
 x - 2 scrolls of amnesia
 z - a scroll of magic mapping {unknown}
 C - 3 scrolls of blinking
 D - a scroll of fear
 H - a scroll of vulnerability {unknown}
 L - a scroll of noise {unknown}
 M - a scroll of identify
Potions
 a - 2 potions of magic
 g - 2 potions of berserk rage
 i - 2 potions of brilliance
 l - 5 potions of haste
 n - 4 potions of curing
 o - 4 potions of heal wounds
 A - 2 potions of degeneration
 B - 2 potions of cancellation
 E - 2 potions of flight {unknown}
 F - 2 potions of might {unknown}
 G - 2 potions of resistance {unknown}


   Skills:
 - Level 4.0 Fighting
 - Level 1.9 Dodging
 - Level 2.0 Stealth
 + Level 8.6 Spellcasting
 + Level 1.5 Conjurations
 + Level 1.5 Translocations
 + Level 14.7 Ice Magic
 + Level 1.3 Earth Magic


You had 20 spell levels left.
You knew the following spells:

 Your Spells              Type           Power      Damage    Failure   Level
b - Frozen Ramparts       Ice            100%       1d12      1%          3
c - Ozocubu's Armour      Ice            71%        N/A       1%          3

Your spell library contained the following spells:

 Spells                   Type           Power      Damage    Failure   Level
 Magic Dart               Conj           72%        1d6       4%          1
 Freeze                   Ice            100%       1d11      1%          1
 Ensorcelled Hibernation  Hex/Ice        94%        N/A       1%          2
 Hailstorm                Conj/Ice       51%        3d11      2%          4
 Summon Small Mammal      Summ           40%        N/A       8%          1
 Passwall                 Tmut/Erth      11%        N/A       9%          2
 Gell's Gravitas          Tloc           18%        N/A       12%         3
 Lesser Beckoning         Tloc           18%        N/A       12%         3
 Teleport Other           Tloc           18%        N/A       12%         3
 Dazzling Flash           Conj/Hex       28%        N/A       17%         3
 Call Canine Familiar     Summ           10%        N/A       22%         3
 Summon Guardian Golem    Hex/Summ       10%        N/A       22%         3
 Swiftness                Air            10%        N/A       22%         3
 Iskenderun's Mystic Bla  Conj/Tloc      18%        2d6       38%         4
 Animate Dead             Necr           5%         N/A       58%         4
 Borgnjor's Vile Clutch   Necr/Erth      7%         N/A       86%         5
 Death Channel            Necr           5%         N/A       100%        6
 Starburst                Conj/Fire      7%         6d4       100%        6


Dungeon Overview and Level Annotations

Branches:
Dungeon (9/15)             Temple (1/1) D:6           Sewer (visited)
Ossuary (visited)
   Lair: D:8-11         Orc: D:9-12

Altars:
Ashenzari
Cheibriados
Dithmenos
Elyvilon
Fedhas
Gozag
Hepliaklqana
Kikubaaqudgha
Makhleb
Nemelex Xobeh
Okawaru
Qazlal
Ru
Sif Muna
Trog
Uskayaw
Vehumet
Wu Jian
Xom
Yredelemnul
Zin
The Shining One

Shops:
D:2 [((*


Innate Abilities, Weirdness & Mutations

You can breathe wild blasts of lightning.
Your glossy black scales are hard. (AC +7)
You cannot fit into any form of body armour.
You are resistant to electric shocks. (rElec)
You are cold-blooded and may be slowed by cold attacks.


Message History

The red ugly thing is moderately wounded.
The wall freezes the red ugly thing.
The red ugly thing barely misses you.
You hit the red ugly thing.
The red ugly thing looks even sicker.
Your tail-slap misses the red ugly thing.
The red ugly thing is heavily wounded.
The wall freezes the red ugly thing.
The red ugly thing tentacle-slaps you but does no damage.
You hit the red ugly thing.
The red ugly thing looks as sick as possible!
The red ugly thing is heavily wounded.
The wall freezes the red ugly thing.
The red ugly thing barely misses you.
The wall freezes the red ugly thing!
The red ugly thing tentacle-slaps you.
You are engulfed in flames!
You are too injured to fight recklessly!
You barely miss the red ugly thing.
The red ugly thing is almost dead.
A troll comes into view.
The wall freezes the red ugly thing.
The red ugly thing tentacle-slaps you.
You are engulfed in flames!
* * * LOW HITPOINT WARNING * * *
The troll moves out of view.
You hit the red ugly thing.
The red ugly thing looks as sick as possible!
The red ugly thing is almost dead.
You kill the red ugly thing!
Vehumet accepts your kill.
You hit the troll.
The troll is poisoned.
The troll is lightly wounded.
The wall freezes the troll.
The troll bites you.
* * * LOW HITPOINT WARNING * * *
The troll claws you!
* * * LOW HITPOINT WARNING * * *
The troll claws you.
* * * LOW HITPOINT WARNING * * *
Casting: Frozen Ramparts (safe; 1% risk of failure)
Confirm with . or Enter, or press ? or * to list all spells.
A film of ice covers your body!
The frozen ramparts melt away.
The troll bites you but does no damage. You block the troll's attack.
The troll claws you.
You die...

######################
.......................
...#..#.......##.......
......#.###...##.....#.
......T...##.(.........
......#@...#.#)........
......#....#)))).......
#....
##?..####..#######
#.... ####.. ##........
#... ....#........ #...
!...#)####### #.....#
##..## ....


You could see a troll (very poisoned).

Vanquished Creatures
  An ugly thing (D:9)
  A cyclops (D:9)
  The ghost of SweetAndFullOfGrace the Cleaver, a novice MiBe of Trog (D:6)
  A hornet (D:7)
  Prince Ribbit (D:5)
  Sigmund (D:3)
  Menkaure (D:6)
  A water moccasin (D:7)
  A sky beast (D:8)
  4 orc warriors
  2 ice beasts
  A black bear (D:4)
  2 ogres
  3 centaurs
  A phantom (D:7)
  A kobold brigand (D:8)
  3 bullfrogs
  A gnoll sergeant (D:6)
  6 scorpions
  11 wights
  An electric eel (D:8)
  3 howler monkeys
  2 lava snakes (D:7)
  4 orc priests
  4 hounds
  2 gnoll shamans (D:7)
  3 iguanas
  7 orc wizards
  A mummy (Ossuary)
  Robin (D:3)
  18 adders
  15 gnolls
  3 river rats (Sewer)
  A shadow imp (D:8)
  3 ufetubi (D:5)
  2 worms
  2 dart slugs
  23 orcs
  4 spectral bats (Ossuary)
  9 ball pythons
  6 bats
  8 endoplasms
  3 giant cockroaches (D:2)
  12 gnoll zombies (Ossuary)
  8 hobgoblins
  4 jackals
  8 kobolds
  5 quokkas
  2 bat simulacra (Ossuary)
  9 frilled lizards
  9 goblins
  2 goblin simulacra (Ossuary)
  5 goblin zombies (Ossuary)
  3 hobgoblin zombies (Ossuary)
  5 kobold simulacra (Ossuary)
  7 kobold zombies (Ossuary)
  3 orc zombies (Ossuary)
  9 rats
  3 rat simulacra (Ossuary)
  5 spectral goblins (Ossuary)
  3 spectral kobolds (Ossuary)
271 creatures vanquished.

Vanquished Creatures (others)
  A fungus (D:3)
  19 plants (Sewer)
20 creatures vanquished.

Grand Total: 291 creatures vanquished

Notes
Turn   | Place    | Note
-------+----------+-------------------------------------------
     0 | D:1      | juncz the Draconian Ice Elementalist began the quest for
                  | the Orb.
     0 | D:1      | Reached XP level 1. HP: 14/14 MP: 3/3
   509 | D:1      | Reached XP level 2. HP: 16/20 MP: 1/5
  1326 | D:2      | Found Cored's Weapon Shop.
  1475 | D:2      | Reached XP level 3. HP: 26/26 MP: 1/6
  1481 | D:2      | Learned a level 3 spell: Frozen Ramparts
  1609 | D:2      | Reached skill level 1 in Fighting
  1858 | D:2      | Reached XP level 4. HP: 28/35 MP: 2/8
  1974 | D:2      | Found Vext's Assorted Antiques.
  1986 | D:2      | Bought a murky inky potion for 19 gold pieces
  1986 | D:2      | Bought a puce potion for 19 gold pieces
  2049 | D:2      | Found Vuxtas's Weapon Shop.
  2050 | D:2      | Noticed an ogre
  2059 | D:2      | Killed an ogre
  2060 | D:2      | Reached skill level 5 in Ice Magic
  2060 | D:2      | Reached XP level 5. HP: 41/41 MP: 3/10
  2454 | D:2      | Learned a level 3 spell: Ozocubu's Armour
  2509 | D:2      | Found Cuuzotis's Armour Emporium.
  2536 | D:2      | Bought a +0 pair of gloves for 58 gold pieces
  2679 | D:2      | Found a blossoming altar of Fedhas.
  3157 | D:3      | Found a faded altar of an unknown god.
  3426 | D:3      | Noticed Robin
  3430 | D:3      | Noticed Sigmund
  3445 | D:3      | Killed Sigmund
  3446 | D:3      | Reached XP level 6. HP: 49/51 MP: 0/12
  3447 | D:3      | Killed Robin
  4191 | D:4      | Your scales start taking on a glossy black colour.
  4191 | D:4      | Reached XP level 7. HP: 59/59 MP: 9/13
  4191 | D:4      | Gained mutation: You are resistant to electric shocks.
                  | (rElec) [Black Draconian growth]
  4484 | D:4      | Reached skill level 6 in Ice Magic
  4949 | D:5      | Entered Level 5 of the Dungeon
  5007 | D:5      | Reached skill level 5 in Spellcasting
  5112 | D:5      | Reached skill level 7 in Ice Magic
  5112 | D:5      | Reached XP level 8. HP: 45/66 MP: 2/16
  5327 | D:5      | Noticed Prince Ribbit
  5353 | D:5      | Killed Prince Ribbit
  5380 | D:5      | Reached skill level 8 in Ice Magic
  5443 | D:5      | Found a glowing drain.
  5452 | Sewer    | Entered a sewer
  7154 | D:6      | Found a runed translucent door.
  7155 | D:6      | Noticed SweetAndFullOfGrace's ghost (novice MiBe)
  7271 | D:6      | Found a hazy altar of Hepliaklqana.
  7392 | D:6      | Found a sand-covered staircase.
  7398 | Ossuary  | Entered an ossuary
  7984 | D:6      | Reached skill level 13 in Ice Magic
  7984 | D:6      | Reached XP level 9. HP: 71/71 MP: 19/19
  7997 | D:6      | Reached skill level 14 in Ice Magic
  8039 | D:6      | Reached XP level 10. HP: 38/78 MP: 21/21
  8050 | D:6      | Noticed Menkaure
  8134 | D:6      | Killed Menkaure
  8816 | D:6      | Found a staircase to the Ecumenical Temple.
  8820 | Temple   | Entered the Ecumenical Temple
  9093 | Temple   | Became a worshipper of Vehumet
  9188 | D:6      | Killed SweetAndFullOfGrace's ghost
 10105 | D:7      | Reached * piety under Vehumet
 10105 | D:7      | Offered knowledge of Magic Dart by Vehumet.
 12079 | D:9      | Noticed a cyclops
 12091 | D:9      | Killed a cyclops
 12092 | D:9      | Reached skill level 1 in Conjurations
 12092 | D:9      | Reached skill level 1 in Translocations
 12092 | D:9      | Reached skill level 1 in Earth Magic
 12298 | D:9      | Noticed a red ugly thing
 12310 | D:9      | Killed a red ugly thing
 12311 | D:9      | HP: 2/78 [troll (3)]
 12312 | D:9      | Slain by a troll

Illustrated notes

Levels and vault maps discovered:
D:1:      lemuel_arrival_hallway, layout_basic, kennysheep_another_room,
          minmay_pentomino_r2
D:2:      layout_basic, serial_shops, shop, nicolae_diamond_shop,
          nicolae_shop_advertising_works [nicolae_subvault_shop_adworks],
          shop_coins, basic_altar, kennysheep_generic_room_13
D:3:      minmay_bubble_buster, layout_basic, shapermc_ecumenical_altar_gd,
          uniq_sigmund, uniq_robin
D:4:      layout_loops_ring
D:5:      layout_loops_cross, cheibrodos_sewer_entry_bend, uniq_prince_ribbit1
D:6:      layout_gridville, mainiacjoe_overflow_six_doors_small,
          temple_hall_moat, gammafunk_ghost_grave, nicolae_ossuary_entry_plus,
          minmay_misc_feat_diagonals, dk_vineyard_3, uniq_menkaure
D:7:      layout_cave_pools, serial_rivers, chequers_serial_rivers_micro_d,
          chequers_serial_rivers_micro_c, chequers_serial_rivers_small_b,
          chequers_serial_rivers_micro_b, chequers_serial_rivers_micro_a,
          chequers_serial_rivers_micro_d, kennysheep_opposing_triangles
D:8:      layout_loops_cross, serial_bayou_lagoon_a
D:9:      layout_stronghold, dpeg_lair_monsters, minmay_bent
Temple:   nicolae_temple_the_god_donut

Skill      XL: |  1  2  3  4  5  6  7  8  9 10 |
---------------+-------------------------------+-----
Stealth        | 2 |  2.0
Fighting       | 1 2 3 4 |  4.0
Spellcasting   | 3 4 5 7 8 |  8.6
Ice Magic      | 5 7 13 14 | 14.7
Conjurations   | 1 |  1.5
Translocations | 1 |  1.5
Earth Magic    | 1 |  1.3
Dodging        | |  1.9

Action                   |  1- 3 |  4- 6 |  7- 9 | 10-12 || total
-------------------------+-------+-------+-------+-------++-------
Melee: Spear             |    30 |    69 |   341 |   183 ||   623
       Tailslap          |     3 |     7 |    55 |    25 ||    90
Throw: Stone             |     2 |     2 |     3 |     3 ||    10
       Dart              |       |       |       |     1 ||     1
 Cast: Freeze            |    27 |    15 |    16 |       ||    58
       Frozen Ramparts   |     2 |    26 |    44 |    35 ||   107
       Ozocubu's Armour  |       |       |     2 |     6 ||     8
 Abil: Breathe Lightning |       |       |     3 |     4 ||     7
  Use: Scroll            |       |     7 |    11 |     2 ||    20
       Potion            |       |       |     1 |     2 ||     3
 Stab: Distracted        |     1 |     1 |     3 |       ||     5
       Sleeping          |     6 |     1 |     2 |     1 ||    10
Armor: Skin              |     9 |    25 |    93 |    59 ||   186
Dodge: Dodged            |    17 |    25 |   136 |    97 ||   275
Block: Buckler           |       |     4 |    33 |    23 ||    60

Table legend: (Time is in decaauts)
 A = Elapsed time spent in this place.
 B = Non-inter-level travel time spent in this place.
 C = Inter-level travel time spent in this place.
 D = Time resting spent in this place.
 E = Time spent auto-exploring this place.
 F = Levels seen in this place.
 G = Mean time per level.
                   A        B        C        D        E       F      G
               +--------+--------+--------+--------+--------+-----+--------+
         Total |  12581 |  12030 |    551 |   2165 |   7260 |  12 | 1048.4 |
       Dungeon |  10442 |   9940 |    502 |   1914 |   6050 |   9 | 1160.2 |
        Temple |    296 |    247 |     49 |      0 |    230 |   1 |  296.0 |
         Sewer |   1234 |   1234 |      0 |    236 |    683 |   1 | 1234.0 |
       Ossuary |    608 |    608 |      0 |     15 |    297 |   1 |  608.0 |
               +--------+--------+--------+--------+--------+-----+--------+

Top non-repeatable levels by time:
     D:2: 1753 daAuts
     D:6: 1344 daAuts
     D:3: 1281 daAuts
   Sewer: 1234 daAuts
     D:1: 1150 daAuts
     D:8: 1140 daAuts
     D:7: 1140 daAuts
     D:5: 1012 daAuts
     D:9: 840 daAuts
     D:4: 777 daAuts
 Ossuary: 608 daAuts
  Temple: 296 daAuts
